Unix xNetHack Version 8.0.0 - last build Jun 13 2023 01:05:28 (4b7ecc64c373f7294607d497be3f7ce1783331ac). Game began 2023-07-22 08:45:22, ended 2023-07-22 09:02:42. puncake, chaotic male elven Wizard ----- --------- |<..--- ------.......-- --.---- --- |.....---|.........--..| |.....| ------- . --..|....|.---------|..| ..._..| |>....| -+- -.- -.|-.....---- |..| |...... ------ --...@| ..| --.| .........|--- |..-- ---)---# |..+.-------a.| ..---+-..--- --.|....|..----...-. |)| *|..|......--.)-.....-|--........--+- -----..|....|......--- |.| ...|.----.............[..).....%)..| |..|.............---.-- -.-..-..|-.......-|..--------|--..-- --.|....---.......(.%.----- 0|....||...{... |.........|..-- |.|......|...|.....[.....---|.|..| -...... |.=..$(!=(|...| ----....-------...---......-|.|-- --....-- -----------...| |...-- --...|..---...|.--.. ..|....|------ |.......-- ----- -.....--....|.....| --...-|.(((| |.------- --..-|..........-- --...-.(((| |.|...| .....|...G.......| |...-|.(((| |.|...| -----.........--..| .....|------ |.--|-| --.......- ---- |....|--------.....| ---...--- |...--......|...{..+ --- --.....----........| ------- ---------- Puncake the Thaumaturge St:12 Dx:14 Co:11 In:19 Wi:12 Ch:9 Chaotic S:1894 Dlvl:6 $:0 HP:0(31) Pw:74(83) AC:10 Xp:6/406 T:1940 Latest messages: In what direction? The dagger hits the dwarf. In what direction? The dagger hits the dwarf. In what direction? The dagger misses the dwarf. In what direction? The dagger hits the dwarf. In what direction? The dagger misses the dwarf. In what direction? The dagger misses the dwarf. The dwarf throws a dagger! You are hit by a dagger. You ready: B - a mithril dagger {6}. In what direction? The mithril dagger misses the dwarf. The dwarf throws a dart! You are hit by a dart. You ready: F - 3 daggers {30}. In what direction? The dagger hits the dwarf. The dwarf throws a dart! You are hit by a dart! In what direction? You kill the dwarf! F - a dagger (at the ready) {10} (2 in total). There are several more objects here. F - a dagger (at the ready) {10} (3 in total). B - a mithril dagger {6}. v - 6 daggers {60}. You see here a whistle. You see here a whistle. J - a whistle {3}. You miss the giant beetle. You hit the giant beetle! You miss the giant beetle. The giant beetle bites! In what direction? The spell hits the giant beetle! In what direction? The spell hits the giant beetle! The giant beetle bites! In what direction? The dagger hits the giant beetle. In what direction? The dagger misses the giant beetle. The giant beetle bites! You die... Do you want to see the dungeon overview? y Inventory: Inventory: 420/625 weight (31/52 slots) Amulets m - a cursed iron amulet of change {22} h - an uncursed copper amulet of magical breathing (being worn) {24} Weapons w - an uncursed +0 arrow {1} F - a blessed +3 dagger (at the ready) {10} v - 6 uncursed +0 daggers {60} B - an uncursed +0 mithril dagger {6} a - a blessed +1 quarterstaff (weapon in hands) {40} Armor b - an uncursed burnt +0 cloak of magic resistance (being worn) {8} Comestibles o - an uncursed cram ration {15} i - an uncursed partly eaten food ration {8} H - an uncursed food ration {20} s - 2 uncursed tripe rations {20} I - 2 uncursed rotten tins of yellow mold {20} Scrolls q - an uncursed scroll of enchant weapon {5} D - an uncursed scroll of light {5} t - an uncursed scroll of teleportation {5} Spellbooks c - a blessed spellbook of force bolt {35} e - an uncursed spellbook of knock {35} d - a blessed spellbook of magic missile {40} Rings z - an uncursed ring of polymorph control {3} Wands r - an uncursed wand of light (0:14) {7} p - an uncursed wand of slow monster (0:5) {7} k - an uncursed wand of slow monster (0:4) {7} Tools g - an uncursed flute {5} J - an uncursed pea whistle {3} Gems/Stones E - 3 uncursed dilithium crystals {3} x - an uncursed jasper stone {1} A - an uncursed worthless piece of blue glass {1} C - an uncursed worthless piece of orange glass {1} y - an uncursed worthless piece of red glass {1} n - 2 uncursed worthless pieces of white glass {2} Puncake the Wizard's attributes: Background: You were a Thaumaturge, a level 6 male elven Wizard. You were chaotic, on a mission for Anhur who was opposed by Ptah (lawful) and Thoth (neutral). You were heterosexual. You were in the Gnomish Mines, on level 6. You entered the dungeon 1940 turns ago. You had 406 experience points, 234 more were needed to attain level 7. Your score was 1894 before end-of-game adjustments. Basics: You had 0 out of 31 hit points. You had 74 out of 83 energy points (spell power). Your armor class was 10. Your wallet was empty. Autopickup was on for '$?!/="+' plus thrown, with exceptions. Final Characteristics: Your strength was 12 (limit:18). Your dexterity was 14 (limit:18). Your constitution was 11 (limit:16). Your intelligence was 19 (limit:20). Your wisdom was 12 (limit:20). Your charisma was 9 (limit:18). Final Status: You were not hungry. You were unencumbered. You were wielding a quarterstaff. You had basic skill with quarterstaff. Final Attributes: You were devoutly aligned. You were magic-protected. You were sleep resistant. You had infravision. You could survive without air. You were warded. You are dead. Miscellaneous: You never encountered a bones level. Total elapsed playing time was 17 minutes and 20 seconds. Major events: Turn 1: puncake the chaotic male elven Wizard entered the dungeon 727: attained the rank of Conjurer (level 3) 1066: entered the Gnomish Mines 1511: reached Mine Town 1592: attained the rank of Thaumaturge (level 6) 1940: killed by a giant beetle Vanquished creatures: a werewolf a shrieker 3 gnome leaders a gnomish wizard a kitten 6 dwarves a monkey an iguana an acid blob a hobbit 24 gnomes a gecko a jackal 2 goblins a sewer rat a grid bug 4 lichens a kobold zombie 3 newts 55 creatures vanquished. No species were genocided or became extinct. Voluntary challenges: You read items or engraved 3 times. You never genocided any monsters. You never polymorphed an object. You never changed form. You never touched an artifact. You used no wishes. You were celibate. You never generated conflict. Achievements: You attained the rank of Conjurer. You entered the Gnomish Mines. You entered Minetown. You entered a temple. You attained the rank of Thaumaturge. You entered a shop. Dungeon overview: The Dungeons of Doom: levels 1 to 3 Level 1: Some fountains. Level 2: Level 3: A grave. Stairs down to The Gnomish Mines. The Gnomish Mines: levels 4 to 6 Level 4: Level 5: Level 6: <- You were here. Some shops, a temple to Anhur, some fountains. Final resting place for you, killed by a giant beetle. Game over: __________ / \ / REST \ / IN \ / PEACE \ / \ | puncake | | 0 Au | | killed by a | | giant beetle | | | | | | 2023 | *| * * * | * _________)/\\_//(\/(/\)/\//\/|_)_______ Goodbye puncake the Wizard... You died in The Gnomish Mines on dungeon level 6 with 1894 points, and 0 pieces of gold, after 1940 moves. You were level 6 with a maximum of 31 hit points when you died.